 Dungeon Crawl Stone Soup version 0.31-a0-1522-g43313d8a59 (webtiles) character file.

Game seed: 9715312559988245941

4928 Curundu the Slicer (level 10, -3/90 HPs)
             Began as a Minotaur Berserker on Dec 30, 2023.
             Was a High Priest of Trog.
             Slain by a two-headed ogre
             ... wielding a +0 giant spiked club
              (13 damage)
             ... on level 9 of the Dungeon.
             The game lasted 00:25:43 (8238 turns).

Curundu the Slicer (Minotaur Berserker)             Turns: 8238, Time: 00:25:44

Health: -3/90      AC: 25    Str: 26    XL:     10   Next: 27%
Magic:  9/9        EV: 14    Int:  4    God:    Trog [*****.]
Gold:   644        SH:  0    Dex: 10    Spells: 9/9 levels left

rFire   . . .        z - +6 flail (protect)
rCold   . . .        (no shield)
rNeg    . . .        u - +0 plate armour
rPois   .            (helmet restricted)
rElec   .            (no cloak)
rCorr   .            i - +1 Delatra's gloves {ID++}
SInv    .            d - +0 pair of boots
Will    .....        (no amulet) Stlth
                     a - +5 ring of evasion
HPRegen 0.35/turn    (no ring)
MPRegen 0.11/turn

%: no passive effects
@: under a protective aura
A: horns 2, retaliatory headbutt
a: Renounce Religion, Berserk, Trog's Hand, Brothers in Arms


You were on level 9 of the Dungeon.
You worshipped Trog.
Trog was extremely pleased with you.
You visited 1 branch of the dungeon, and saw 9 of its levels.
You also visited: Ossuary.

You collected 644 gold pieces.

Inventory:

Hand Weapons
 z - a +6 flail of protection (weapon)
Missiles
 b - 10 poisoned darts
 e - 4 javelins (quivered)
 h - 2 throwing nets
 w - 2 boomerangs
Armour
 d - a +0 pair of boots (worn)
 i - the +1 Delatra's gloves (worn) {ID++}
   (You found it on level 2 of the Dungeon)

   ID++:      It heals its wearer when they drink unknown potions, and restores
   their MP when they read unknown scrolls.
 u - a +0 plate armour (worn)
Jewellery
 a - a +5 ring of evasion (left hand)
 q - an amulet of faith
Wands
 x - a wand of light (9)
 C - a wand of flame (22)
 F - a wand of digging (3)
Scrolls
 g - 3 scrolls of identify {unknown}
 l - 2 scrolls of brand weapon {unknown}
 m - a scroll of amnesia {unknown}
 n - 2 scrolls of revelation {unknown}
 r - a scroll of blinking {unknown}
 s - 2 scrolls of fog {unknown}
 y - a scroll of vulnerability {unknown}
 A - a scroll of teleportation {unknown}
 D - a scroll of enchant armour {unknown}
Potions
 c - 4 potions of lignification
 f - a potion of enlightenment
 j - a potion of attraction {unknown}
 k - 6 potions of might
 o - a potion of magic {unknown}
 p - 3 potions of haste
 t - 2 potions of degeneration {unknown}
 v - 2 potions of curing
 B - a potion of brilliance {unknown}
 E - a potion of berserk rage {unknown}


   Skills:
 + Level 8.9 Fighting
 + Level 9.6 Short Blades
 + Level 7.6 Maces & Flails
 + Level 1.1 Throwing
 + Level 9.2 Armour
 + Level 4.5 Dodging
 + Level 1.6 Stealth


You had 9 spell levels left.
You didn't know any spells.
Your spell library was empty.

Dungeon Overview and Level Annotations

Branches:
Dungeon (9/15)             Temple (0/1) D:4         Ossuary (visited)
   Lair: D:8-11         Orc: D:9-12

Altars:
Cheibriados
Dithmenos
Elyvilon
Fedhas
Gozag
Kikubaaqudgha
Makhleb
Okawaru
Qazlal
Trog
Xom

Shops:
D:4 (


Innate Abilities, Weirdness & Mutations

You have a pair of horns on your head.
You reflexively headbutt those who attack you in melee.


Message History

The killer bee stings you but does no damage.
The killer bee closely misses you.
The water moccasin bites you but does no damage.
You barely miss the water moccasin.
The water moccasin is heavily wounded.
The killer bee misses you. The killer bee barely misses you.
The water moccasin closely misses you. The orc hits you but does no damage.
Something hits you but does no damage. The killer bee misses you. x2
You bump into the rock wall.
The killer bee completely misses you. The killer bee barely misses you.
The water moccasin closely misses you. Something hits you but does no damage.
The killer bee closely misses you. x2
The water moccasin closely misses you.
You're too confused to move!
The killer bee stings you but does no damage. x2
Something hits you but does no damage. The water moccasin closely misses you.
The killer bee misses you.
The killer bee stings you but does no damage.
You thump the two-headed ogre!
Your weapon exudes an aura of protection.
Your headbutt misses the two-headed ogre.
The two-headed ogre is moderately wounded.
You feel less confused.
The killer bee stings you but does no damage. x2
The water moccasin bites you but does no damage.
The two-headed ogre misses you. The two-headed ogre closely misses you.
You hear some strange, mumbled words.
Something tries to affect you, but you resist.
The killer bee stings you but does no damage. x2
The water moccasin completely misses you.
You sock the two-headed ogre! You headbutt the two-headed ogre!
The two-headed ogre is heavily wounded.
The killer bee closely misses you. The killer bee barely misses you.
Something hits you but does no damage.
The killer bee stings you but does no damage.
The killer bee stings you.
* * * LOW HITPOINT WARNING * * *
The water moccasin closely misses you. You furiously retaliate!
You headbutt the water moccasin.
The two-headed ogre hits you with a +0 giant spiked club!
You die... #..... .... .... .oo

#o# # #o#####.##
#O{.......
######@S#.#..##
.......yyy......
########.##.....
.......<.......#
..######.###...#
#... .# #.#.# #
#.#... #.# ###


You could see a two-headed ogre, a water moccasin, 3 killer bees, an orc wizard
and 3 orcs.

Vanquished Creatures
  A two-headed ogre (D:9)
  Sigmund (D:7)
  2 wyverns (D:8)
  Edmund (D:7)
  2 water moccasins
  3 orc warriors
  An ice beast (D:7)
  2 ogres
  2 black bears
  A phantom (D:6)
  A kobold brigand (D:7)
  5 bullfrogs
  5 scorpions
  5 water moccasin zombies (Ossuary)
  3 wights (D:5)
  A burial acolyte (Ossuary)
  10 killer bees
  A gnoll bouda (D:6)
  A jelly (D:8)
  4 hounds
  A bombardier beetle (D:4)
  5 orc priests
  2 iguanas (D:4)
  3 sleepcaps
  9 orc wizards
  3 crocodile zombies (Ossuary)
  3 mummies
  14 gnolls
  5 adders
  A white imp (D:6)
  3 adder zombies (Ossuary)
  2 dart slugs
  A ribbon worm (D:4)
  35 orcs
  4 ball pythons
  8 bats
  5 endoplasms
  3 giant cockroaches
  3 gnoll zombies (Ossuary)
  11 goblins
  9 hobgoblins
  4 jackals (D:2)
  13 kobolds
  A quokka (D:2)
  4 frilled lizards
  A hobgoblin zombie (D:6)
  5 jackal zombies (Ossuary)
  5 orc zombies
  4 rats
219 creatures vanquished.

Notes
Turn   | Place    | Note
-------+----------+-------------------------------------------
     0 | D:1      | Curundu the Minotaur Berserker began the quest for the Orb.
     0 | D:1      | Reached XP level 1. HP: 19/19 MP: 0/0
   590 | D:1      | Reached XP level 2. HP: 27/27 MP: 1/1
  1422 | D:2      | Identified the +1 shortbow "Seyf" {heavy, rN+++ Will-
                  | Stlth+}
  1602 | D:2      | Reached XP level 3. HP: 33/33 MP: 2/2
  1734 | D:2      | Reached ** piety under Trog
  1740 | D:2      | Reached skill level 1 in Short Blades
  1950 | D:2      | Found the +1 Delatra's gloves {ID++}
  2210 | D:3      | Reached XP level 4. HP: 33/41 MP: 3/3
  2258 | D:3      | Found an opulent altar of Gozag.
  2897 | D:4      | Reached XP level 5. HP: 47/47 MP: 4/4
  2923 | D:4      | Found a shadowy altar of Dithmenos.
  3149 | D:4      | Found a staircase to the Ecumenical Temple.
  3228 | D:4      | Found a white marble altar of Elyvilon.
  3259 | D:4      | Found a shimmering altar of Xom.
  3340 | D:4      | Reached skill level 5 in Fighting
  3539 | D:4      | Reached XP level 6. HP: 52/56 MP: 5/5
  3640 | D:4      | Found a stormy altar of Qazlal.
  3719 | D:4      | Reached *** piety under Trog
  3904 | D:4      | Found Wegriczi's Antique Weapon Shoppe.
  3974 | D:5      | Entered Level 5 of the Dungeon
  4239 | D:5      | Reached XP level 7. HP: 18/57 MP: 6/6
  4554 | D:5      | Reached skill level 5 in Armour
  4702 | D:5      | Reached skill level 5 in Short Blades
  5128 | D:6      | Found a bloodstained altar of Trog.
  5179 | D:6      | Reached skill level 1 in Stealth
  5179 | D:6      | Reached XP level 8. HP: 55/70 MP: 7/7
  5201 | D:6      | HP: 3/70 [poisoned by a water moccasin]
  5491 | D:6      | Found a sand-covered staircase.
  5501 | Ossuary  | Entered an ossuary
  5668 | Ossuary  | Reached **** piety under Trog
  6162 | D:6      | Reached XP level 9. HP: 79/79 MP: 8/8
  6392 | D:7      | Found a flagged portal.
  6756 | D:7      | Reached skill level 1 in Throwing
  6888 | D:7      | Found a blossoming altar of Fedhas.
  6888 | D:7      | Found an ancient bone altar of Kikubaaqudgha.
  6896 | D:7      | Found a burning altar of Makhleb.
  6898 | D:7      | Found a snail-covered altar of Cheibriados.
  6900 | D:7      | Found a faded altar of an unknown god.
  6937 | D:7      | Noticed Sigmund
  6938 | D:7      | Noticed Edmund
  6960 | D:7      | Killed Edmund
  6974 | D:7      | Killed Sigmund
  7381 | D:8      | Reached ***** piety under Trog
  7427 | D:8      | Reached skill level 5 in Maces & Flails
  7972 | D:8      | Reached XP level 10. HP: 90/90 MP: 9/9
  8071 | D:8      | Found an iron altar of Okawaru.
  8214 | D:9      | Noticed a two-headed ogre
  8226 | D:9      | Killed a two-headed ogre
  8228 | D:9      | Noticed a two-headed ogre
  8238 | D:9      | Slain by a two-headed ogre

Illustrated notes

Levels and vault maps discovered:
D:1:      co_arrival_square_in_a_square_in_a_square, layout_basic,
          reono_crystal_passage
D:2:      layout_basic
D:3:      layout_basic, mainiacjoe_overflow_cross_hatched,
          serial_bayou_lagoon_a, amcnicky_mini_corridor_feature
D:4:      layout_loops_corners, nicolae_dithmenos_the_darkroom,
          mainiacjoe_overflow_alcove_2, old_standard_altar,
          lemuel_coloured_pillars_altar, minmay_temple_entry_steel_oval,
          serial_shops, shop, minmay_box_of_dots
D:5:      layout_basic
D:6:      layout_cave_pools, mainiacjoe_overflow_surrounded_room,
          nicolae_ossuary_entry_giza, minmay_misc_feat_rugged
D:7:      layout_loops_ring, chequers_temple_overflow_minitemple,
          enter_bailey_3, sigmund_edmund_badplayer
D:8:      layout_loops_ring, mainiacjoe_overflow_six_doors_small
D:9:      layout_loops_ring, minmay_misc_feat_diagonals, nicolae_shop_vocational

Skill      XL: |  1  2  3  4  5  6  7  8  9 10 |
---------------+-------------------------------+-----
Fighting       | 4 5 6 7 8 |  8.9
Maces & Flails | 4 6 7 |  7.6
Short Blades   | 1 2 3 4 5 7 9 |  9.6
Armour         | 3 4 5 7 8 9 |  9.2
Dodging        | 3 4 |  4.5
Stealth        | 1 |  1.6
Throwing       | 1 |  1.1

Action                     |  1- 3 |  4- 6 |  7- 9 | 10-12 || total
---------------------------+-------+-------+-------+-------++-------
  Melee: Mace              |    20 |       |       |       ||    20
         Punch             |     2 |     1 |     4 |     1 ||     8
         Short sword       |    82 |    45 |   396 |       ||   523
         Headbutt          |    14 |    35 |    94 |     7 ||   150
         Dagger            |       |    97 |    12 |       ||   109
         Flail             |       |       |    81 |    27 ||   108
  Throw: Javelin           |       |     3 |     2 |       ||     5
    Use: Potion            |       |       |     7 |       ||     7
 Armour: Animal skin       |     4 |       |       |       ||     4
         Scale mail        |    54 |    45 |       |       ||    99
         Chain mail        |       |    16 |   128 |       ||   144
         Skin              |       |       |    36 |       ||    36
         Plate armour      |       |       |   127 |    85 ||   212
  Dodge: Dodged            |    46 |    52 |   242 |    82 ||   422

Table legend: (Time is in decaauts)
 A = Elapsed time spent in this place.
 B = Non-inter-level travel time spent in this place.
 C = Inter-level travel time spent in this place.
 D = Time resting spent in this place.
 E = Time spent auto-exploring this place.
 F = Levels seen in this place.
 G = Mean time per level.
                   A        B        C        D        E       F      G
               +--------+--------+--------+--------+--------+-----+--------+
         Total |   8045 |   8043 |      2 |      0 |   6231 |  10 |  804.5 |
       Dungeon |   7738 |   7736 |      2 |      0 |   6048 |   9 |  859.8 |
       Ossuary |    306 |    306 |      0 |      0 |    183 |   1 |  306.0 |
               +--------+--------+--------+--------+--------+-----+--------+

Top non-repeatable levels by time:
     D:1: 1415 daAuts
     D:4: 1135 daAuts
     D:5: 1047 daAuts
     D:7: 1014 daAuts
     D:8: 881 daAuts
     D:6: 812 daAuts
     D:2: 699 daAuts
     D:3: 697 daAuts
 Ossuary: 306 daAuts
     D:9: 34 daAuts
